Map: Rainfall LE

Players

Choigalaxy

  • Race: Zerg Zerg
  • League: Diamond

인공지능 칸 (아주 쉬움) - Winner!

  • Race: Terran Terran

VOD

Have the link to the VOD?

Description

Time

  • Played on: Oct. 2, 2026, 12:27 p.m.
  • Length: 5:23
Show
View Real Time Build Order
Export as new Build Order

Choigalaxy Zerg 

Build Orders: Hatch First 

Get SALT Encoding   

  12  0:00  Drone  
  13  0:12  Overlord  
  13  0:17  Drone  
  14  0:30  Drone x2  
  16  0:47  Hatchery  
  15  0:51  Drone  
  15  0:53  Drone  
  15  0:56  Drone  
  18  1:08  Extractor  
  17  1:12  Spawning Pool  
  17  1:15  Drone  
  17  1:18  Drone  
  18  1:27  Drone  
  19  1:41  Drone  
  20  1:50  Drone  
  21  2:00  Queen x2  
  26  2:01  Zergling x4  
  27  2:10  Overlord  
  27  2:23  Hatchery  
  27  2:25  Metabolic Boost  
  27  2:28  Drone  
  27  2:30  Drone  
  27  2:33  Drone  
  27  2:36  Drone  
  30  2:40  Drone  
  31  2:47  Queen  
  33  2:52  Overlord  
  33  2:55  Drone  
  33  2:57  Drone  
  35  2:59  Drone  
  35  3:04  Overlord  
  36  3:11  Queen  
  38  3:15  Drone x2  
  38  3:18  Drone  
  41  3:20  Drone  
  41  3:22  Drone  
  43  3:27  Drone  
  43  3:28  Drone  
  43  3:33  Queen  
  47  3:39  Queen  
  49  3:43  Drone x2  
  49  3:44  Drone  
  49  3:46  Drone  
  53  3:51  Roach Warren  
  53  3:55  Zergling x4  
  54  3:56  Zergling x2  
  54  3:59  Extractor  
  54  4:00  Overlord  
  54  4:04  Overlord  
  54  4:07  Drone  
  54  4:09  Drone x2  
  57  4:12  Overlord  
  57  4:15  Drone  
  58  4:21  Drone x4  
  62  4:25  Drone x2  
  62  4:26  Drone  
  62  4:28  Drone  
  66  4:35  Roach  
  66  4:38  Roach  
  70  4:40  Roach  
  70  4:42  Overlord  
  72  4:45  Overlord  
  72  4:51  Spore Crawler  
  71  4:53  Drone x2  
  71  4:54  Drone  
  71  4:59  Spore Crawler, Drone  
  74  5:00  Drone x3  
  74  5:01  Drone  
  74  5:02  Drone  
  74  5:04  Drone  
  74  5:05  Drone  
  81  5:08  Extractor x2  
  84  5:23  Hatchery  
Show
View Real Time Build Order
Export as new Build Order

인공지능 칸 (아주 쉬움) Terran - Winner!

Build Orders:  

Get SALT Encoding   

  12  0:00  SCV  
  13  0:13  SCV  
  14  0:18  Supply Depot  
  14  0:36  Refinery  
  14  0:42  Barracks  
  14  1:03  Supply Depot  
  14  1:11  Refinery  
  14  1:29  Marine, SCV  
  16  1:41  SCV  
  17  1:53  SCV  
  18  2:03  Marine  
  18  2:05  SCV  
  20  2:17  SCV  
  21  2:29  SCV  
  22  2:36  Marine  
  23  2:43  Orbital Command  
Tags
 
Add a new tag
Caveats
  • Supply blocks, unpowered buildings, or Contaminate may cause inaccurate times.
  • Supply counts are checked every 10 seconds.